 Dungeon Crawl Stone Soup version 0.32-a0-673-g3729bd50f8 (webtiles) character file.

Game seed: 15904714641074652736

2 dolemite99 the Changeling (level 1, -1/15 HPs)
             Began as a Merfolk Shapeshifter on Mar 11, 2024.
             Slain by a kobold
             ... wielding a +0 whip
              (5 damage)
             ... on level 1 of the Dungeon.
             The game lasted 00:00:11 (67 turns).

dolemite99 the Changeling (Merfolk Shapeshifter)      Turns: 67, Time: 00:00:12

Health: -1/15      AC:  2    Str: 14    XL:     1   Next: 40%
Magic:  1/1        EV: 12    Int:  9    God:
Gold:   11         SH:  0    Dex: 13    Spells: 0/0 levels left

rFire   . .          .
                       - Unarmed
rCold   . . .        (no shield)
rNeg    . . .        a - +0 animal skin
rPois   .            (helmet currently unavailable)
rElec   .            (cloak currently unavailable)
rCorr   .            (gloves currently unavailable)
SInv    .            (boots currently unavailable)
Will    .....        (no amulet)
Stlth   +            (no ring)
HPRegen 0.22/turn    (no ring)
MPRegen 0.07/turn

%: no passive effects
@: beast-form
A: beast (slay +2), (nimble swimmer 2), mertail
a: Begin Untransformation


You were on level 1 of the Dungeon.
You were a hulking beast.
You visited 1 branch of the dungeon, and saw 1 of its levels.

You collected 11 gold pieces.

Inventory:

Armour
 a - a +0 animal skin (worn)
Talismans
 c - a beast talisman (active)
 d - a flux talisman
Potions
 b - a potion of lignification


   Skills:
 - Level 1.1 Fighting
 + Level 2.7 Dodging
 * Level 3.3 Unarmed Combat
 * Level 4.1 Shapeshifting


You couldn't memorise any spells.
You didn't know any spells.
Your spell library was empty.

Dungeon Overview and Level Annotations

Branches:
Dungeon (1/15)

Altars:


Innate Abilities, Weirdness & Mutations

You are a hulking beast.
Your limbs bulge with bestial killing power. (Slay +2)
((You are very nimble when in or above water. (Stealth+, EV+, Speed+++)))
Your lower body shifts to a powerful aquatic tail in water.


Message History

You barely miss the quokka. The quokka misses you.
You hit the quokka.
You kill the quokka!
The hobgoblin closely misses you.
You hit the hobgoblin but do no damage. You hit the hobgoblin.
You kill the hobgoblin!
No target in view!
You see here a hobgoblin corpse.
No target in view!
You now have 11 gold pieces.
Found a stone staircase leading down.
No target in view!
A kobold comes into view. It is wielding a +0 whip.
A kobold is nearby!
The kobold shouts!
You hear an angry hiss.
A kobold is nearby!
A kobold is nearby!
A ball python comes into view.
The ball python hisses angrily.
You closely miss the kobold. The kobold hits you with a +0 whip.
You miss the kobold. The kobold barely misses you.
You barely miss the kobold.
A frilled lizard comes into view.
The kobold closely misses you.
The frilled lizard hisses angrily.
You hit the kobold.
The kobold is moderately wounded.
The kobold hits you with a +0 whip.
You closely miss the kobold.
The kobold is moderately wounded.
The ball python bites you. The ball python completely misses you.
The kobold closely misses you.
You barely miss the ball python. The ball python barely misses you. x2
The kobold hits you with a +0 whip.
You are too injured to fight recklessly!
You barely miss the ball python. The ball python bites you.
* * * LOW HITPOINT WARNING * * *
The ball python barely misses you. The kobold hits you with a +0 whip.
You die...

#.#..........####.
........†.....#...
.......†.........
#.##...........# #
#.####.........#######..
..................#....#
.#######............l...
#.........S......
#........hK>.....
##...............
##...#..........
######...##...# #####
###


You could see a ball python, a kobold and a frilled lizard.

Vanquished Creatures
  A hobgoblin (D:1)
  A quokka (D:1)
2 creatures vanquished.

Notes
Turn   | Place    | Note
-------+----------+-------------------------------------------
     0 | D:1      | dolemite99 the Merfolk Shapeshifter began the quest for the
                  | Orb.
     0 | D:1      | Reached XP level 1. HP: 15/15 MP: 1/1
    67 | D:1      | Slain by a kobold

Illustrated notes

Levels and vault maps discovered:
D:1:      minmay_arrival_diagonal_passages, layout_rooms

Action                     || total
---------------------------++-------
  Melee: Unarmed           ||    11
 Armour: Animal skin       ||     7
  Dodge: Dodged            ||    10

Table legend: (Time is in decaauts)
 A = Elapsed time spent in this place.
 B = Non-inter-level travel time spent in this place.
 C = Inter-level travel time spent in this place.
 D = Time resting spent in this place.
 E = Time spent auto-exploring this place.
 F = Levels seen in this place.
 G = Mean time per level.
                   A        B        C        D        E       F      G
               +--------+--------+--------+--------+--------+-----+--------+
         Total |     66 |     66 |      0 |      0 |     41 |   1 |   66.0 |
       Dungeon |     66 |     66 |      0 |      0 |     41 |   1 |   66.0 |
               +--------+--------+--------+--------+--------+-----+--------+

Top non-repeatable levels by time:
     D:1: 66 daAuts
